[Event "Late-Titled-Tuesday-Blitz-February-06-2024"]
[Site "Chess.com"]
[Date "2024.02.06"]
[Round "3"]
[White "winniethepooh04"]
[Black "GadimbayliA"]
[Result "1/2-1/2"]
[WhiteElo "2517"]
[BlackElo "2804"]
[TimeControl "180+1"]
[EndTime "14:30:28 PST"]
[Termination "Game drawn by repetition"]

1. d4 d5 2. Nf3 Nc6 3. Bf4 Nf6 4. e3 Bg4 5. Nbd2 e6 6. Be2 Bd6 7. Bg3 O-O 8. O-O Qe7 9. c3 Bxf3 10. Nxf3 e5 11. dxe5 Nxe5 12. Nxe5 Bxe5 13. Bf3 c6 14. Qc2 Rad8 15. Rad1 g6 16. Rd2 h5 17. Rfd1 b5 18. b3 Bxg3 19. hxg3 Rd7 20. c4 bxc4 21. bxc4 Rfd8 22.
cxd5 cxd5 23. Qa4 Kg7 24. Qd4 Qe6 25. Qa4 Rc7 26. e4 Rc4 27. Qa5 Rd6 28. exd5 Qf5 29. Qxa7 h4 30. gxh4 Rxh4 31. Rd4 Rh8 32. Qc7 Rd7 33.
Qf4 Qc2 34. Qd2 Qf5 35. Qf4 Qc2 36. R4d2 Qc5 37. d6 g5 38. Qd4 Qf5 39. Qd3 Qf4 40.
Qd4 Qh2+ 41. Kf1 g4 42. Bxg4 Re8 43. f3 Rb7 44. d7 Rd8 45. a4 Qh4 46. a5 Qg5 47. a6 Rb5 48. a7 Rd5 49. Qxf6+ Qxf6 50. Rxd5 Qa6+ 51. Kf2 Qxa7+ 52. Kf1 Qa6+ 53. Kf2 Qb6+ 54.
Kf1 Qa6+ 55. Kf2 Qa2+ 56. Kg3 Qa7 57. Re1 Qc7+ 58. Kf2 Qb6+ 59. Kg3 Qc7+ 60. Kf2 Qa7+ 61. Kg3 Kf8 62. Rde5 Qc7 63. Kf2 Qa7+ 64. Kf1 Qa6+ 65. Kg1 Qb6+ 66. Kh2 Kg7 67. Re8 Qh6+ 68. Kg1 Qb6+ 69.
Kh2 Qh6+ 70. Kg1 Qb6+ 71. Kf1 Qb5+ 72. Kf2 Qb6+ 73. Kf1 Qb5+ 74. Kf2 Qb6+ 75. Kf1 1/2-1/2

[Event "Late-Titled-Tuesday-Blitz-February-06-2024"]
[Site "Chess.com"]
[Date "2024.02.06"]
[Round "3"]
[White "malakismayil"]
[Black "Paladin61"]
[Result "1-0"]
[WhiteElo "2465"]
[BlackElo "2645"]
[TimeControl "180+1"]
[EndTime "14:30:31 PST"]
[Termination "malakismayil won on time"]

1. e4 e6 2. d4 d5 3. Nd2 c5 4.
exd5 Qxd5 5. Ngf3 cxd4 6. Bc4 Qd6 7. O-O Nf6 8. Nb3 Nc6 9. Nbxd4 Nxd4 10. Nxd4 Be7 11.
c3 O-O 12. h3 Bd7 13. Qe2 Rac8 14. Rd1 Qc7 15. Bb3 Rfd8 16. Bg5 Be8 17. Nxe6 Rxd1+ 18. Rxd1 Qa5 19. Nd4 Kf8 20. Bf4 Qh5 21. Qd3 Bd7 22.
Re1 Re8 23. Nf3 Bb5 24. Qd4 Qc5 25. Rxe7 Qxd4 26. Rxe8+ Kxe8 27. Nxd4 Bd7 28. Nf3 Nh5 29. Be3 Bc8 30. Bxa7 f5 31. Bd4 Nf4 32. Bxg7 Nd3 33. c4 Be6 34. Nd4 Bd7 35. Ne2 Kf7 36. Bc3 f4 37.
Bc2 Nc5 38. Nxf4 h6 39. Nd5 Be6 40. b4 Nd7 41. Nf4 Bxc4 42. Bb3 Bxb3 43. axb3 Nb6 44.
g4 Na8 45. Be5 Nb6 46. Bd4 Nc8 47. Bc5 b6 48. Bd4 Nd6 49. Bxb6 Nb5 50. Be3 Nc3 51. Nd3 Ke6 52. Bxh6 Kd5 53. Be3 Ke4 54. Nc5+ Kf3 55.
Kf1 Ne2 56. Nd3 Nc3 57. Ne1+ Ke4 58. g5 Nd5 59. b5 Kf5 60. b6 Nb4 61. b7 Nc6 62. b4 Nb8 63. Ba7 Nc6 64. b8=Q 1-0

[Event "Late-Titled-Tuesday-Blitz-February-06-2024"]
[Site "Chess.com"]
[Date "2024.02.06"]
[Round "3"]
[White "UnTucopalaTimba"]
[Black "SHIVACalypso"]
[Result "0-1"]
[WhiteElo "1958"]
[BlackElo "2534"]
[TimeControl "180+1"]
[EndTime "14:30:31 PST"]
[Termination "SHIVACalypso won on time"]

1. e4 Nc6 2. d4 e5 3. d5 Nce7 4.
Nf3 Ng6 5. Bc4 Bc5 6. O-O Nf6 7.
Nc3 a5 8. a3 d6 9. h3 O-O 10. Bg5 h6 11. Bd2 Nh7 12. Be3 Bxe3 13. fxe3 Ng5 14. Qe1 f5 15. exf5 Bxf5 16. e4 Bxh3 17.
Qg3 Nxf3+ 18. Rxf3 Rxf3 19. Qxf3 Bd7 20. Rf1 Qe7 21.
Qg3 Nf4 22. Ne2 Nxe2+ 23. Bxe2 Rf8 24. Rxf8+ Qxf8 25. Qc3 Qf4 26. Bf3 c6 27. Qxa5 Bg4 28. Qd8+ Kh7 29. Qxd6 Bxf3 30. gxf3 Qg3+ 31. Kf1 Qxf3+ 32.
Kg1 Qd1+ 33. Kf2 Qxc2+ 34. Ke3 Qb3+ 35. Kf2 Qxb2+ 36. Kf3 cxd5 37. exd5 Qd4 38. Qe6 Qf4+ 39. Ke2 Qe4+ 40. Kd2 Qd4+ 41. Ke2 Qb2+ 42. Kf3 Qxa3+ 43. Kg4 Qb4+ 44. Kg3 Qc3+ 45. Kf2 Qd4+ 46. Kf3 Qf4+ 47. Ke2 e4 48. d6 Qf3+ 49. Kd2 Qf2+ 50. Kc3 Qc5+ 51.
Kd2 Qd4+ 52. Ke2 Qd3+ 53. Kf2 Qf3+ 54. Ke1 e3 55. Qa2 Qh1+ 0-1

[Event "Late-Titled-Tuesday-Blitz-February-06-2024"]
[Site "Chess.com"]
[Date "2024.02.06"]
[Round "3"]
[White "AmanteDeMoi"]
[Black "topce"]
[Result "0-1"]
[WhiteElo "2590"]
[BlackElo "2400"]
[TimeControl "180+1"]
[EndTime "14:30:32 PST"]
[Termination "topce won on time"]

1. Nf3 c5 2. e3 g6 3. b3 Bg7 4.
Nc3 Nf6 5. Bb2 Ne4 6. Be2 Nxc3 7. Bxc3 Bxc3 8. dxc3 d5 9. O-O O-O 10. c4 dxc4 11.
Bxc4 Nc6 12. Qe2 Bg4 13. h3 Bxf3 14. Qxf3 Qc7 15. Rad1 Rad8 16. c3 e6 17. Qf6 Qe5 18.
Qxe5 Nxe5 19. Be2 Nc6 20. Bf3 Rxd1 21. Rxd1 Rd8 22. Rxd8+ Nxd8 23. Kf1 Kf8 24. Ke2 Ke7 25. Kd3 Kd6 26. a4 Nc6 27. Bxc6 Kxc6 28. Ke4 f6 29. h4 b6 30. g4 Kd6 31. h5 gxh5 32. gxh5 h6 33. Kf4 a5 34. e4 Kc6 35. Ke3 Kd6 36. Kd3 Ke5 37. Kc4 Kxe4 38. Kb5 Kd3 39. c4 e5 40. Kxb6 f5 41. Kxc5 e4 42. Kd5 f4 43.
c5 e3 44. fxe3 fxe3 45. c6 e2 46. c7 e1=Q 47. c8=Q Qe4+ 48. Kd6 Qb4+ 49. Kc6 Qc3+ 50. Kd7 Qxc8+ 51. Kxc8 Kc3 52. Kd7 Kxb3 53. Ke6 Kxa4 54.
Kf6 Kb3 55. Kg6 a4 56. Kxh6 a3 57. Kh7 a2 58. h6 a1=Q 59. Kg8 Qa8+ 60. Kg7 Qb7+ 61.
Kg8 Qc8+ 62. Kg7 Qd7+ 63. Kg8 Qe8+ 64. Kg7 Qe7+ 65. Kg8 Qg5+ 66. Kh7 Kc4 67. Kh8 Qxh6+ 68. Kg8 Qd6 69. Kh8 Qc7 70. Kg8 Kd5 71. Kh8 Ke6 72.
Kg8 Kf6 0-1

[Event "Late-Titled-Tuesday-Blitz-February-06-2024"]
[Site "Chess.com"]
[Date "2024.02.06"]
[Round "3"]
[White "arenal72"]
[Black "wild3000"]
[Result "1-0"]
[WhiteElo "2591"]
[BlackElo "2350"]
[TimeControl "180+1"]
[EndTime "14:30:41 PST"]
[Termination "arenal72 won by checkmate"]

1. Nf3 d5 2. g3 Nf6 3. Bg2 g6 4. O-O Bg7 5. d3 O-O 6. Nbd2 Nc6 7. e4 dxe4 8. dxe4 e5 9. c3 Bg4 10. h3 Be6 11. Qe2 Qe7 12. Nc4 Qc5 13. Na3 Rad8 14. Be3 Qe7 15. Nd2 a6 16. Rfd1 Rd7 17.
Nb3 Rfd8 18. Rxd7 Nxd7 19. Rd1 h6 20. Nc4 Kh7 21. Nca5 Nxa5 22. Nxa5 Bxa2 23. Nxb7 Ra8 24. Qd3 Be6 25. b4 Nb6 26. Bc5 Qe8 27. Na5 Bf8 28. Bxf8 Qxf8 29. Bf1 Kg7 30. Qe3 Rd8 31. Rxd8 Qxd8 32.
Bxa6 Qd1+ 33. Kg2 Qc2 34. Be2 Qb2 35. Bf3 h5 36. Qc5 Na4 37. Qxe5+ Kg8 38. Qxc7 Nxc3 39. Qb8+ Kg7 40. Qe5+ Kg8 41. Nc6 Na4 42. Qxb2 Nxb2 43. b5 Nc4 44. Nd4 Nb6 45. Nxe6 fxe6 46. Kf1 Kf7 47. Ke2 Kf6 48. Ke3 Ke5 49. Be2 Kd6 50.
Kf4 Ke7 51. Kg5 Kf7 52. f4 Nd7 53. f5 gxf5 54. Bxh5+ Ke7 55. exf5 exf5 56. Kxf5 Kd6 57.
Be2 Nb6 58. h4 Nd5 59. h5 Ne7+ 60. Kg5 Ke6 61. g4 Nc8 62. h6 Ke7 63. h7 Kf7 64.
h8=Q Ne7 65. Bc4+ Nd5 66. Bxd5+ Ke7 67. Qf6+ Kd7 68. Qc6+ Kd8 69. Qe6 Kc7 70. b6+ Kb8 71. Qd6+ Kc8 72. b7# 1-0

[Event "Late-Titled-Tuesday-Blitz-February-06-2024"]
[Site "Chess.com"]
[Date "2024.02.06"]
[Round "3"]
[White "Hui_Li_Macau"]
[Black "shirovin"]
[Result "1-0"]
[WhiteElo "2365"]
[BlackElo "2075"]
[TimeControl "180+1"]
[EndTime "14:30:41 PST"]
[Termination "Hui_Li_Macau won on time"]

1. e4 c5 2. Nf3 d6 3. d4 cxd4 4. Nxd4 Nf6 5. Nc3 a6 6. Be2 e5 7. Nb3 Be7 8. O-O O-O 9. Be3 Be6 10. Qd2 Nbd7 11. a4 Rc8 12. a5 Nc5 13. Nxc5 dxc5 14. Rfd1 Qxd2 15. Rxd2 Rfd8 16. Rxd8+ Rxd8 17. f3 Kf8 18.
Na4 Nd7 19. b3 Ke8 20. Kf1 Rc8 21. Nb2 Bd8 22. Bc4 Ke7 23. Bxe6 Kxe6 24. Nc4 f6 25.
Ke2 Ke7 26. Bd2 Nf8 27. Be3 Ne6 28. c3 Bc7 29. Rd1 Rd8 30. Rxd8 Kxd8 31. Kd3 Kd7 32. g3 Kc6 33. b4 Kb5 34. Na3+ Ka4 35. Nc2 Kb5 36. c4+ Kc6 37. Kc3 cxb4+ 38. Kxb4 Bd6+ 39. Kb3 Bc5 40. Bd2 Bg1 41. h3 Bf2 42. g4 g6 43.
Nb4+ Kd7 44. Nd5 f5 45. Nf6+ Ke7 46. Nxh7 fxe4 47. fxe4 Nc5+ 48. Kc2 Nxe4 49. Ng5 Nxg5 50. Bxg5+ Ke6 51. Kd3 Be1 52. Bd8 Kd7 53. Bb6 Ke6 54. Ke4 Bd2 55. h4 Bc1 56. h5 gxh5 57. gxh5 Bh6 58. Be3 Bg7 59. h6 Bh8 60. Bg5 Kd6 61.
h7 Kc5 62. Kf5 Kxc4 63. Bf6 1-0

[Event "Late-Titled-Tuesday-Blitz-February-06-2024"]
[Site "Chess.com"]
[Date "2024.02.06"]
[Round "3"]
[White "Chessdreamer2020"]
[Black "ContrVersia"]
[Result "1/2-1/2"]
[WhiteElo "2566"]
[BlackElo "2848"]
[TimeControl "180+1"]
[EndTime "14:30:42 PST"]
[Termination "Game drawn by repetition"]

1. e4 c5 2. Nf3 a6 3. g3 b5 4. a4 Bb7 5. d3 e6 6. Bg2 Nc6 7. O-O d6 8. Na3 Qb6 9. Be3 Nf6 10. Re1 Be7 11. c3 O-O 12. b4 Ng4 13. bxc5 dxc5 14. Bf4 e5 15. Bc1 c4 16. d4 exd4 17. cxd4 Rad8 18. h3 Nge5 19. Be3 Nxf3+ 20. Qxf3 Nxd4 21. Qg4 Qc6 22. axb5 axb5 23. Bxd4 Rxd4 24. Reb1 b4 25. Nc2 Rd2 26. Ne3 Qc5 27. Rf1 Bc8 28. Qf4 Be6 29. Nf5 c3 30. Nxe7+ Qxe7 31. e5 b3 32. Rac1 Rc2 33.
Rxc2 bxc2 34. Be4 Bb3 35. Rc1 Qc5 36. Bxc2 Bxc2 37. Rxc2 h6 38. Qe3 Qxe3 39. fxe3 Rc8 40.
Kf2 Kf8 41. Ke2 Ke7 42. Kd3 Ke6 43. Rxc3 Rxc3+ 44. Kxc3 Kxe5 45. Kd3 Kd5 46. e4+ Ke6 47. Ke3 Ke5 48. Kd3 g6 49. Ke3 f6 50. Kd3 h5 51.
Ke3 g5 52. Kd3 Ke6 53. Kd4 Kd6 54. Ke3 Ke5 55. Kd3 Ke6 56. Kd4 Kd6 57. Kd3 Kc5 58.
Kc3 Kd6 59. Kd4 Ke6 60. Kd3 Ke5 61. Ke3 g4 62. hxg4 hxg4 63. Kd3 Ke6 64. Kd4 Kd6 65. Kd3 Ke6 66. Ke3 Ke5 67. Kd3 Ke6 1/2-1/2

[Event "Late-Titled-Tuesday-Blitz-February-06-2024"]
[Site "Chess.com"]
[Date "2024.02.06"]
[Round "3"]
[White "Dinamo3"]
[Black "mishanick"]
[Result "0-1"]
[WhiteElo "2522"]
[BlackElo "3056"]
[TimeControl "180+1"]
[EndTime "14:30:51 PST"]
[Termination "mishanick won by checkmate"]

1. c4 e6 2. Nf3 d5 3. e3 Nf6 4. b3 a5 5. Nc3 Bd7 6. Be2 Bb4 7. Bb2 O-O 8. O-O Na6 9. a3 Be7 10. d4 c6 11. Ne5 Be8 12. Qc2 Nd7 13. Nd3 f5 14. f4 Nf6 15. Ne5 Bd6 16. Kh1 Nb8 17. c5 Bc7 18. b4 Ne4 19. Nxe4 fxe4 20. Bg4 Qe7 21. Bc3 Nd7 22. h3 Nf6 23. Be2 Bh5 24. g4 Be8 25. Qb2 Nd7 26. b5 Nxe5 27. fxe5 Rxf1+ 28. Rxf1 Qg5 29. b6 Bd8 30. Qd2 h5 31. Bd1 Be7 32. Qf2 Bg6 33. Qg3 Qh6 34. Kg1 Bg5 35. Bd2 Be7 36. gxh5 Bxh5 37. Bxh5 Qxh5 38. Qg4 Qh6 39. Kg2 a4 40. Qg3 Bg5 41. Kh1 Re8 42.
Kg2 Re7 43. Kh1 Kh7 44. Kg2 Qh5 45. Qg4 Qh6 46. Qg3 g6 47. Kh1 Kg7 48. Kg2 Rf7 49.
Rxf7+ Kxf7 50. Qf2+ Kg7 51. Qg3 Be7 52. Qg4 Kf7 53. Qg3 Qh5 54. Qg4 Qh8 55. Qf4+ Kg7 56.
Be1 g5 57. Qg4 Kf7 58. Bg3 Qa8 59. Qe2 Qa5 60. Be1 Qa8 61. Qh5+ Kg7 62. Qg4 Kf7 63. Qh5+ Kg7 64. Qg4 Qg8 65. h4 Kf7 66. hxg5 Bxg5 67. Bf2 Qg6 68. Kf1 Qh6 69. Ke2 Ke7 70. Kd2 Kd7 71. Ke2 Be7 72. Qg3 Qh1 73. Qg1 Qh8 74.
Qg4 Qa8 75. Qg7 Qa6+ 76. Ke1 Qd3 77. Bg1 Qxa3 78. Kf2 Qb2+ 79. Kg3 Qe2 80. Kf4 Qf3# 0-1

[Event "Late-Titled-Tuesday-Blitz-February-06-2024"]
[Site "Chess.com"]
[Date "2024.02.06"]
[Round "3"]
[White "semchik73"]
[Black "biostatistician"]
[Result "1-0"]
[WhiteElo "2410"]
[BlackElo "2593"]
[TimeControl "180+1"]
[EndTime "14:30:53 PST"]
[Termination "semchik73 won by checkmate"]

1. Nf3 Nf6 2. c4 g6 3. d4 Bg7 4. Nc3 O-O 5. e4 d6 6. Be2 e5 7. dxe5 dxe5 8. Bg5 Qe8 9. O-O c6 10. Qd6 Nbd7 11. Rfd1 h6 12. Bh4 g5 13. Nxg5 hxg5 14. Bxg5 Qe6 15. Qc7 Ne8 16. Qa5 Qg6 17. Be7 Nef6 18.
Bxf8 Bxf8 19. Bf3 Bc5 20. Na4 Bd4 21. Qd8+ Kg7 22. h4 Nxe4 23. h5 Qf5 24. h6+ Kxh6 25. Qh4+ Kg7 26. Qxe4 Qxe4 27. Bxe4 Nf6 28. Bf3 c5 29.
Nc3 Bf5 30. Re1 Re8 31. Ne4 b6 32. Nxf6 Kxf6 33. Re2 Kg5 34. Rae1 f6 35. b3 Kf4 36.
Be4 Be6 37. g3+ Kg5 38. Kg2 f5 39. Bc6 Rc8 40. Bf3 e4 41. Bxe4 fxe4 42. Rxe4 Bf5 43. Re8 Kf6 44. Rxc8 Bxc8 45. f4 Bb7+ 46. Kh3 Kf7 47.
g4 a6 48. f5 b5 49. g5 bxc4 50. bxc4 a5 51. g6+ Kf6 52. g7 Kxg7 53. Re7+ Kf6 54.
Rxb7 Kxf5 55. Rb5 Ke4 56. Rxa5 Kd3 57. Ra4 Bc3 58. Kg4 Bb4 59. Kf5 Kxc4 60. Ke4 Kb5 61. Ra8 c4 62. a3 Kc5 63. axb4+ Kb5 64. Kd4 Kxb4 65. Rc8 Kb5 66. Rxc4 Kb6 67. Rc5 Ka6 68.
Rh5 Kb6 69. Kc4 Kc6 70. Rh6+ Kd7 71. Kd5 Ke7 72. Ra6 Kf7 73. Ke5 Kg7 74. Kf5 Kf7 75. Ra7+ Ke8 76. Ke6 Kd8 77. Rh7 Ke8 78. Rh8# 1-0

[Event "Late-Titled-Tuesday-Blitz-February-06-2024"]
[Site "Chess.com"]
[Date "2024.02.06"]
[Round "3"]
[White "Philippians46"]
[Black "DanielDardha2005"]
[Result "0-1"]
[WhiteElo "2668"]
[BlackElo "2905"]
[TimeControl "180+1"]
[EndTime "14:30:56 PST"]
[Termination "DanielDardha2005 won by checkmate"]

1. d4 d5 2. c4 dxc4 3. e4 e5 4. Nf3 exd4 5. Bxc4 Nc6 6. O-O Be6 7. Bxe6 fxe6 8. Qb3 Qd7 9. Qxb7 Rb8 10. Qa6 Nf6 11. Nbd2 Bd6 12. b3 O-O 13. Bb2 e5 14. Qe2 Kh8 15.
Ne1 a5 16. Rc1 a4 17. Nd3 axb3 18. axb3 Nb4 19. Rc4 Nxd3 20. Qxd3 Nh5 21. g3 Qh3 22. Qe2 Nf6 23. f3 Ra8 24. Ra4 d3 25. Qe3 Rad8 26. Rc4 h6 27. Rf2 Qe6 28. Nf1 Be7 29. Rd2 c5 30. Rxd3 Rb8 31. Qe2 Nh7 32. h4 Nf6 33. Ne3 Nh5 34. Nf5 Bf6 35. Rd6 Qf7 36. Qd3 Rbd8 37. Rxc5 Rxd6 38. Qxd6 Rd8 39. Qb6 Rd1+ 40. Kg2 Rd2+ 41. Kh3 Rxb2 42. Rc8+ Kh7 43. Qb8 Rd2 44.
Rh8+ Kg6 45. Rf8 Qd7 46. b4 Rd1 47. Rc8 Rh1+ 48. Kg4 Be7 49. Rf8 Nf6+ 50. Rxf6+ Bxf6 51.
h5+ Kh7 52. Qg8+ Kxg8 53. f4 exf4 54. Kxf4 Rg1 55. b5 Rf1+ 56. Kg4 Qb7 57. Nd6 Qxb5 58. Nxb5 Re1 59. Nd6 Rd1 60. Nf5 Kf7 61. Kf3 Rd3+ 62.
Ke2 Ra3 63. Kf2 Be5 64. g4 Kf6 65. Ke2 Kg5 66. Ne7 Kxg4 67. Ng6 Bf6 68. e5 Bd8 69. e6 Ra6 70. Nf8 Be7 71. Nd7 Rxe6+ 72. Kf2 Kxh5 73.
Kf3 Kg6 74. Kf4 Kf7 75. Kf5 g6+ 76. Kg4 Ke8 77. Nb8 Rb6 78. Kf4 Rxb8 79. Ke5 Rb5+ 80. Ke6 Rb6+ 81. Ke5 Rf6 82. Kd5 Kf7 83. Ke5 h5 84. Ke4 h4 85. Ke5 h3 86. Ke4 h2 87.
Ke5 g5 88. Kd4 h1=Q 89. Kc3 Qd5 90. Kb2 Rb6+ 91. Ka1 Qa5# 0-1

[Event "Late-Titled-Tuesday-Blitz-February-06-2024"]
[Site "Chess.com"]
[Date "2024.02.06"]
[Round "3"]
[White "Balla_Tamas"]
[Black "Zavgorodniy_Sergiy"]
[Result "1/2-1/2"]
[WhiteElo "2422"]
[BlackElo "2609"]
[TimeControl "180+1"]
[EndTime "14:31:00 PST"]
[Termination "Game drawn by stalemate"]

1. e4 c6 2. d4 d5 3. e5 Bf5 4.
h4 h5 5. Bd3 Bxd3 6. Qxd3 Qa5+ 7.
Nd2 Qa6 8. c4 e6 9. Ngf3 Ne7 10. O-O Nd7 11. b3 Nf5 12. g3 Be7 13. Nb1 O-O 14. Bg5 Bxg5 15. Nxg5 c5 16. dxc5 Nxc5 17.
Qf3 g6 18. cxd5 exd5 19. Nc3 d4 20. Nd5 Kg7 21. Rfe1 Qd3 22. Qg2 Rad8 23. Nf4 Qb5 24. Qf3 Qc6 25. Nxh5+ gxh5 26. Qxf5 Qg6 27. Qf3 d3 28. Rad1 Rd4 29. Re3 Rfd8 30. Kg2 b6 31. a3 a5 32. b4 axb4 33. axb4 Rxb4 34. e6 fxe6 35. Qc6 Rbd4 36. Qxb6 R4d5 37. Nxe6+ Nxe6 38. Rxe6 Qf7 39. Re3 d2 40. Qb4 Rd4 41. Qc5 R8d7 42.
Qg5+ Kh7 43. Re5 R4d5 44. Rxd5 Rxd5 45. Qe3 Qd7 46. Qe4+ Kg7 47. Qf3 Kh6 48. Kh2 Kh7 49.
Qf4 Kg6 50. Qe4+ Kh6 51. f4 Kg7 52. f5 Qxf5 53. Qxf5 Rxf5 54. Rxd2 Kg6 55. Kg2 Rc5 56. Rd6+ Kg7 57. Kf3 Rc4 58. Re6 Kh7 59. Re4 Rc3+ 60. Kf4 Rc5 61. Re5 Rc4+ 62. Kg5 Rg4+ 63. Kxh5 Rxg3 64.
Re7+ Kg8 65. Kh6 Kf8 66. Ra7 Rc3 67. h5 Rc6+ 68. Kh7 Rc5 69. h6 Rg5 70. Rg7 Rh5 71.
Rg3 Rh2 72. Rf3+ Ke7 73. Kg7 Rg2+ 74. Kh8 Rg6 75. h7 Rg5 76. Rf8 Kxf8 1/2-1/2

[Event "Late-Titled-Tuesday-Blitz-February-06-2024"]
[Site "Chess.com"]
[Date "2024.02.06"]
[Round "3"]
[White "ameetghasi100"]
[Black "betta2004"]
[Result "1/2-1/2"]
[WhiteElo "2734"]
[BlackElo "2547"]
[TimeControl "180+1"]
[EndTime "14:31:03 PST"]
[Termination "Game drawn by repetition"]

1. d4 Nf6 2. Nf3 c5 3. d5 g6 4. Nc3 d6 5. e4 Bg7 6. Bb5+ Nbd7 7. a4 O-O 8. O-O a6 9. Be2 Ne8 10. Bf4 Ne5 11. Nxe5 dxe5 12. Be3 Qc7 13. a5 Nd6 14. f3 f5 15. Qd2 Bd7 16. b3 Bb5 17. h3 Rad8 18. Bf2 Rc8 19. Bxb5 axb5 20. Qe2 Qd7 21. a6 b4 22. Na4 bxa6 23. Nxc5 Qb5 24. Qxb5 Nxb5 25. Ne6 Rfe8 26. Bc5 Na3 27. c4 Bh6 28. Ra2 Rxc5 29. Nxc5 Be3+ 30. Kh1 Bxc5 31. Re1 f4 32.
Rd1 a5 33. Rb2 Kf7 34. Kh2 Rc8 35. Rd3 Kf6 36. h4 Bd4 37. Ra2 Rc5 38. Kh3 a4 39.
bxa4 Nxc4 40. Rb3 Bc3 41. Rc2 Na5 42. Rb1 b3 43. Rcc1 Bd4 44. Rd1 Rc2 45. Rd3 b2 46. Rdd1 Nc4 47. Re1 Na3 48. Rbd1 b1=Q 49. Rxb1 Nxb1 50.
Rxb1 Ra2 51. Rb4 Kf7 52. Rc4 Bc3 53. Rxc3 Rxa4 54. Rc7 Ra1 55. Kh2 h5 56. d6 Ra6 57.
Rxe7+ Kf6 58. Rd7 Ke6 59. Rg7 Kf6 60. d7 Rd6 61. Rh7 Rd1 62. g3 Rd2+ 63. Kh3 Rd3 64. gxf4 Rxf3+ 65. Kg2 Rd3 66. fxe5+ Kxe5 67. Re7+ Kf6 68.
Rh7 Ke6 69. Rg7 Kf6 70. Rh7 Ke6 71. Kf2 Rxd7 72. Rxd7 Kxd7 73. Kf3 Ke6 74. Kf4 Kf6 75. e5+ Ke6 76. Kg5 Kxe5 77. Kxg6 Ke6 78. Kxh5 Kf7 79. Kh6 Kg8 80. Kg5 Kh8 81. h5 Kg8 82. h6 Kh8 83.
Kg6 Kg8 84. Kh5 Kh8 85. Kg5 Kg8 86. Kh5 Kh8 87. Kg4 Kg8 88. Kg5 Kh8 89. Kf5 Kg8 90.
Kf6 Kh8 91. Kg6 Kg8 92. Kg5 1/2-1/2

[Event "Late-Titled-Tuesday-Blitz-February-06-2024"]
[Site "Chess.com"]
[Date "2024.02.06"]
[Round "3"]
[White "jaskol95"]
[Black "Gryffindorac8"]
[Result "1-0"]
[WhiteElo "2594"]
[BlackElo "2361"]
[TimeControl "180+1"]
[EndTime "14:31:04 PST"]
[Termination "jaskol95 won on time"]

1. e4 c5 2. Nf3 d6 3. Bb5+ Bd7 4.
c4 g6 5. Nc3 Bg7 6. d3 Nf6 7.
O-O O-O 8. Re1 Bg4 9. h3 Bxf3 10. Qxf3 a6 11. Ba4 Nbd7 12. Bc2 Ne5 13. Qe2 Nc6 14. Be3 Nd7 15. Qd2 Nd4 16. Ne2 Nxe2+ 17. Rxe2 b5 18. Rb1 bxc4 19. dxc4 Ne5 20. b3 Nc6 21. Ree1 Nd4 22.
Bd3 a5 23. Bf1 e6 24. Bf4 Qb6 25. e5 dxe5 26. Bxe5 Bxe5 27. Rxe5 Qd6 28. Qe3 Rfd8 29. Re4 a4 30. g3 axb3 31. axb3 Rab8 32. Bg2 Rb4 33.
Qh6 Qf8 34. Qg5 Rdb8 35. Re3 Rxb3 36. Rexb3 Rxb3 37. Rxb3 Nxb3 38. h4 h5 39. Be4 Nd4 40. Kg2 Kg7 41. Qe5+ Kg8 42. Qf6 Qd6 43. Bxg6 fxg6 44.
Qxg6+ Kf8 45. Qh6+ Ke7 46. Qxh5 Qc6+ 47. Kh2 Nf3+ 48.
Kh3 Nd4 49. Qh7+ Kd6 50. h5 Qh1+ 51. Kg4 Qf3+ 52. Kh3 Nf5 53. Qf7 Qh1+ 54. Kg4 Qe4+ 55. Kg5 Qe5 56. Qf8+ Ne7+ 57. Kg4 Qe4+ 58. Qf4+ Qxf4+ 59. Kxf4 Nf5 60. g4 Ng7 61. h6 Ne8 62. h7 Nf6 63.
h8=Q Nd7 64. Qd8 Kc6 65. Qc8+ Kd6 66. g5 Ke7 67. Qc7 e5+ 68. Kf5 Ke8 69. Qxd7+ Kxd7 70. Kxe5 Kc6 71. Ke6 Kb6 72. g6 Ka5 73. g7 Kb4 74.
g8=Q Kc3 75. Kd6 Kd4 76. Qd5+ Kc3 77. Qxc5 Kb3 78. Kd5 Kc3 79. Qd4+ Kb3 80. c5 Kc2 81. Qe3 Kb2 82. Qd3 Ka2 83. Qc3 1-0

[Event "Late-Titled-Tuesday-Blitz-February-06-2024"]
[Site "Chess.com"]
[Date "2024.02.06"]
[Round "3"]
[White "tactic"]
[Black "ChadBiryani"]
[Result "1/2-1/2"]
[WhiteElo "2662"]
[BlackElo "2463"]
[TimeControl "180+1"]
[EndTime "14:31:10 PST"]
[Termination "Game drawn by agreement"]

1. e4 c5 2. c3 Nf6 3. e5 Nd5 4.
Nf3 d6 5. Na3 e6 6. Bb5+ Bd7 7.
Qe2 Nc6 8. O-O a6 9. Bxc6 Bxc6 10. Nc4 b5 11. Nxd6+ Bxd6 12. exd6 Qxd6 13. d4 O-O 14. Rd1 Rad8 15. Bg5 Rd7 16. dxc5 Qxc5 17. Ne5 Rc7 18. Nd3 Qb6 19. Bh4 Ba8 20. Bg3 Rd7 21. Ne5 Rdd8 22. Rd4 Nf6 23. Rad1 Rxd4 24.
Rxd4 Rd8 25. Rxd8+ Qxd8 26. h3 Qd5 27. f3 Nd7 28.
Nxd7 Qxd7 29. Qe5 Bc6 30. Qb8+ Qe8 31. Qa7 Qc8 32. Kf2 h6 33. Be5 Bd5 34. b3 f6 35.
Bd4 e5 36. Bc5 Qb7 37. Ke3 Kf7 38. Qxb7+ Bxb7 39. g4 g6 40. h4 h5 41. gxh5 gxh5 42. f4 Ke6 43. fxe5 fxe5 44. Bf8 Kf5 45. Bg7 Bd5 46. Bf8 Kg4 47. Be7 Kf5 48. Bg5 Be6 49.
Kd3 Bd5 50. Ke3 Be6 51. Ke2 Ke4 52. Kd2 Bg4 53. c4 bxc4 54. bxc4 Kd4 55. Bf6 Bf3 56. c5 Kd5 57. c6 Kd6 58. c7 Bg4 59. Bd8 Kd5 60. Ke3 a5 61. c8=Q Bxc8 62. Bxa5 Be6 63. Bc7 e4 64. a3 Bd7 65. Bd8 Ba4 66. Be7 Bd1 67. Kf4 Bf3 68. Bb4 Kc4 69. Bd6 Kb5 70. Ke3 Ka4 71. Be7 Kb5 72. Kd4 Ka4 73. Kc4 Be2+ 74.
Kd4 Bf3 75. Kc4 Be2+ 76. Kc3 Bf3 77. Bc5 Be2 78. Kd4 Bf3 79. Bb4 Bg2 80. Ke3 Bf3 81. Kf2 Bg4 82. Be7 Bf3 83. Ke3 Kb3 84. Bf8 Ka4 85.
Kd4 Bg2 86. Kc3 Bf3 87. Bd6 Bg4 88. Kb2 Bf3 89. Bc5 Be2 90. Be3 Bd3 91. Kc3 Be2 92. Kd4 Bd3 93. Bc1 Bc2 94. Kc3 Bd3 95. Bb2 Be2 96. Kd4 Bf3 97. Bc1 Bg2 98. Ke3 Bf3 99. Kf2 Kb3 1/2-1/2

[Event "Late-Titled-Tuesday-Blitz-February-06-2024"]
[Site "Chess.com"]
[Date "2024.02.06"]
[Round "3"]
[White "YouShallNotPass001"]
[Black "Mariia89"]
[Result "1-0"]
[WhiteElo "2448"]
[BlackElo "2187"]
[TimeControl "180+1"]
[EndTime "14:31:15 PST"]
[Termination "YouShallNotPass001 won on time"]

1. Nf3 c5 2. e3 Nc6 3. c4 g6 4.
Be2 Bg7 5. O-O Nf6 6. a3 O-O 7. Qc2 b6 8. b3 d5 9. cxd5 Nxd5 10. Bb2 Bb7 11. d3 e6 12. Nbd2 Qe7 13. Rac1 Rac8 14.
Rfd1 Rfd8 15. Bxg7 Kxg7 16. Qb2+ Kg8 17. Ne4 Qf8 18. h4 Qg7 19. Qd2 Nf6 20. Ng3 Ne7 21. Qb2 Nf5 22. Nxf5 gxf5 23. Kf1 Kh8 24. b4 cxb4 25.
axb4 b5 26. g3 Nd5 27. Ne5 Kg8 28. d4 a6 29. Rc5 f4 30. exf4 Rxc5 31. dxc5 Rc8 32.
Qd4 a5 33. bxa5 b4 34. a6 Ba8 35. c6 Bxc6 36. Nxc6 Rxc6 37. a7 Rc8 38. Qxg7+ Kxg7 39. Bf3 Ra8 40. Bxd5 exd5 41. Ra1 b3 42. Ke2 b2 43.
Rb1 Rxa7 44. Rxb2 Kf6 45. Rb6+ Ke7 46. Rh6 Ra2+ 47. Ke3 Ra3+ 48. Kd4 Rf3 49. Kxd5 Rxf2 50. Rxh7 Rg2 51. Rg7 Rd2+ 52. Ke4 Re2+ 53. Kf3 Re6 54. h5 Kf6 55. Rg5 Re8 56. Kg4 Rh8 57. Kh4 Ke6 58.
Ra5 Kf6 59. g4 Kg7 60. Ra6 Rd8 61. Kg5 Rd5+ 62. f5 Rd4 63. h6+ Kh7 64. Ra7 Kg8 65. h7+ Kxh7 66. Rxf7+ Kg8 67. Ra7 Kf8 68. Kf6 Rd6+ 69.
Ke5 Rb6 70. g5 Rb5+ 71. Kf6 Rb6+ 72. Ke5 Rb5+ 73. Kf4 Rb4+ 74. Kf3 Rc4 75. g6 Rb4 76. f6 Rb6 77. Ra8+ 1-0

[Event "Late-Titled-Tuesday-Blitz-February-06-2024"]
[Site "Chess.com"]
[Date "2024.02.06"]
[Round "3"]
[White "ACollins05"]
[Black "temiksmozg"]
[Result "0-1"]
[WhiteElo "2417"]
[BlackElo "2619"]
[TimeControl "180+1"]
[EndTime "14:31:18 PST"]
[Termination "temiksmozg won by resignation"]

1. d4 d5 2. c4 e6 3. Nf3 Nf6 4. g3 Bb4+ 5. Nbd2 dxc4 6. Qc2 b5 7. Bg2 c6 8. a4 Bb7 9. O-O a6 10. b3 cxb3 11. Nxb3 O-O 12. Ne5 Nd5 13. Bd2 Be7 14. Na5 Qc8 15. Rfc1 c5 16. dxc5 Bf6 17. c6 Nxc6 18.
Naxc6 Bxc6 19. Nxc6 Bxa1 20. Rxa1 Qb7 21. Na5 Qd7 22. Qc6 Qxc6 23. Nxc6 bxa4 24. Rxa4 Rfe8 25.
Bf1 Rec8 26. Nb4 Nb6 27. Rxa6 Rxa6 28. Nxa6 Rc2 29. Bf4 Nd5 30. Bd6 Rc6 31. e4 Nc3 32. Bf4 Nxe4 33. Nb4 Rb6 34. Nd3 Nf6 35. Be3 Ra6 36.
Nc5 Ra2 37. h3 Nd5 38. Bd4 Rd2 39. Be3 Nxe3 40. fxe3 Rc2 41. Nd3 f6 42. Nf2 Kf7 43. Kg2 h5 44. Kf3 g6 45. Bd3 Rb2 46. Ne4 Rb3 47. Bc4 Rb4 48. Ba2 Ke7 49. Nc5 Rb2 50. Bxe6 Rb5 51. Nd3 Kxe6 52. Nf4+ Kf7 53. g4 hxg4+ 54.
hxg4 g5 55. Ne2 Ra5 56. Ng3 Ke6 57. Ne4 Ke5 58. Ng3 Ra4 59. Nf5 Ra1 60. Ng3 Rb1 61. Ne2 Rf1+ 62. Kg2 Rd1 63. Kf3 Rd3 64. Ng3 Ra3 65.
Nf5 Ra1 66. Ng3 Rb1 67. Ne2 Re1 68. Ng3 Rg1 69. Ne2 Rh1 70. Ng3 Rh3 71. Kg2 Rh4 72. Kf3 Rh8 73. Nf5 Rh3+ 74. Ng3 Kd5 75. Kg2 Rh4 76. Kf3 Ke5 77. Nf5 Rh2 78. Ng3 Ra2 79. Ne2 Rxe2 80. Kxe2 Ke4 81. Kf2 Kd3 82. Kf3 Kd2 83. Ke4 Ke2 84. Kf5 Kxe3 85. Kxf6 Kf4 86. Ke6 Kxg4 87. Kd5 Kf3 88. Kd4 g4 0-1